AoeStats
← CreasingCloth35

Arabia

510254390Analyzed
2v2 RM · 10h ago on Sep 30, 2026· 53m 26s· 4 players
Game mode
Random Map
Map size
Medium (4 player)
Population
200
Speed
Normal
Resources
Standard
Victory
Conquest
Starting age
Dark Age
Ending age
Imperial Age
RankedLock teamsTeams togetherTeam positionsShared explorationLock speedFull tech treeHidden civsTurbo modeCheats
Victory
Defeat
🇨🇦 Malay · Canada
1120
+12
🇺🇸 Franks · United States
1083
+15
🇦🇷 Britons · Argentina
1057
-14
🇦🇷 Goths · Argentina
1024
-13
Jas
8:08 Loom
10:53 Feudal Age
15:19 Castle Age
20:00 Double-Bit Axe
21:19 Horse Collar
28:24 Forging
28:38 Fletching
34:27 Gold Mining
40:53 Scale Barding Armor
42:02 Stone Mining
45:07 Wheelbarrow
51:31 Imperial Age
51:21 Conscription
51:49 Town Watch
53:18 Elite Karambit Warrior
CreasingCloth35
8:01 Loom
10:44 Feudal Age
11:20 Double-Bit Axe
18:48 Padded Archer Armor
20:08 Fletching
26:56 Castle Age
28:32 Bow Saw
28:33 Scale Barding Armor
28:39 Forging
28:48 Gold Mining
29:02 Husbandry
32:14 Wheelbarrow
33:04 Chain Barding Armor
34:20 Iron Casting
34:35 Gold Shaft Mining
37:46 Stone Mining
44:42 Imperial Age
44:49 Cavalier
45:53 Conscription
46:30 Plate Barding Armor
46:55 Blast Furnace
46:37 Paladin
51:05 Scale Mail Armor
52:06 Blast Furnace
53:04 Chain Mail Armor
Ma Chao
2:53 Loom
10:10 Feudal Age
14:10 Fletching
17:12 Padded Archer Armor
23:43 Castle Age
22:36 Stone Mining
22:28 Horse Collar
22:35 Double-Bit Axe
23:49 Crossbowman
24:28 Bodkin Arrow
31:41 Leather Archer Armor
32:50 Gold Mining
35:46 Pikeman
36:27 Squires
41:02 Imperial Age
42:06 Scale Mail Armor
44:22 Forging
45:10 Halberdier
48:26 Chemistry
47:47 Ballistics
49:15 Arbalester
51:18 Iron Casting
JusticiaPorPapa
4:06 Loom
10:32 Feudal Age
10:50 Man-at-Arms
14:21 Forging
14:52 Scale Mail Armor
17:12 Double-Bit Axe
17:09 Horse Collar
18:12 Wheelbarrow
21:19 Castle Age
22:47 Iron Casting
22:18 Scale Barding Armor
30:47 Gold Mining
33:57 Husbandry
34:49 Pikeman
37:03 Chain Mail Armor
37:28 Squires
46:52 Bow Saw
47:57 Murder Holes
Connection lost

Rejoining the realm…

Still unreachable

The connection could not be restored.

Session expired

The server has moved on; the page needs a fresh start.